 Dungeon Crawl Stone Soup version 0.30-a0-591-g3c58d2bc28 (webtiles) character file.

Game seed: 5325630250586864703

23 OTABOTABOTAB the Insei (level 3, 28/28 HPs)
             Began as a Gnoll Transmuter on Jan 4, 2023.
             Quit the game on level 2 of the Dungeon.
             The game lasted 00:01:37 (1011 turns).

OTABOTABOTAB the Insei (Gnoll Transmuter)           Turns: 1011, Time: 00:01:37

Health: 28/28      AC:  2    Str:  9    XL:     3   Next: 0%
Magic:  6/9        EV: 13    Int: 14    God:
Gold:   41         SH:  0    Dex: 12    Spells: 9/12 levels left

rFire   . . .      SeeInvis .      - Unarmed
rCold   . . .      Faith    .    (no shield)
rNeg    . . .      Spirit   .    a - +0 robe
rPois   .          Reflect  .    (helmet currently unavailable)
rElec   .          Harm     .    (no cloak)
rCorr   .          Rampage  .    (no gloves)
Will    .....                    (boots currently unavailable)
Stlth   +                        (no amulet)
HPRegen 0.24/turn                (no ring)
MPRegen 0.11/turn                (no ring)

@: appendages
A: horns 2, talons 2, fangs 1, strong nose, distributed training
a: End Transformation


You were on level 2 of the Dungeon.
You had temporarily grown beastly horns and talons.
You visited 1 branch of the dungeon, and saw 2 of its levels.

You collected 41 gold pieces.

Inventory:

Missiles
 s - 9 stones
Armour
 a - a +0 robe (worn)
Scrolls
 c - a scroll of fear {unknown}
Potions
 b - a potion of brilliance {unknown}
 P - a potion of lignification {!q}


   Skills:
 + Level 2.5 Fighting
 + Level 0.6 Short Blades
 + Level 0.6 Long Blades
 + Level 0.6 Axes
 + Level 0.6 Maces & Flails
 + Level 0.6 Polearms
 + Level 0.6 Staves
 + Level 0.6 Ranged Weapons
 + Level 0.6 Throwing
 + Level 0.6 Armour
 + Level 4.5 Dodging
 + Level 0.6 Stealth
 + Level 0.6 Shields
 + Level 6.5 Unarmed Combat
 + Level 5.0 Spellcasting
 + Level 0.4 Conjurations
 + Level 0.4 Hexes
 + Level 0.4 Summonings
 + Level 0.4 Necromancy
 + Level 0.4 Translocations
 + Level 3.7 Transmutations
 + Level 0.4 Fire Magic
 + Level 0.4 Ice Magic
 + Level 0.4 Air Magic
 + Level 0.4 Earth Magic
 + Level 0.4 Poison Magic
 + Level 0.8 Invocations
 + Level 0.6 Evocations


You had 9 spell levels left.
You knew the following spells:

 Your Spells              Type           Power      Damage    Failure   Level
a - Beastly Appendage     Tmut           28%        N/A       3%          1
b - Wereblood             Tmut           14%        N/A       5%          2

Your spell library contained the following spells:

 Spells                   Type           Power      Damage    Failure   Level
 Spider Form              Tmut/Pois      9%         N/A       22%         3
 Ice Form                 Ice/Tmut       9%         N/A       58%         4


Dungeon Overview and Level Annotations

Branches:
Dungeon (2/15)

Altars:


Innate Abilities, Weirdness & Mutations

You have temporarily grown beastly horns and talons.
You have very sharp teeth.
Your uncanny sense of smell can sniff out nearby items.
Your experience applies equally to all skills.


Message History

No target in view!
Your horns disappear.
Your talons disappear.
You see here a ball python corpse.
There is a stone staircase leading down here.
There is a stone staircase leading down here.
You see here a ball python corpse.
Found a stone staircase leading down.
Health restored: 23; MP restored: 7 You open the door.
There is an open door here.
The endoplasm quivers.
You grow a pair of large bovine horns.
Your feet morph into talons.
You now have 6/7 mp.
The endoplasm misses you.
You hit the endoplasm.
You kill the endoplasm!
No target in view!
No target in view!
Your horns disappear.
Your talons disappear.
Done exploring.
MP restored: 7 Done exploring.
No target in view!
Done exploring.
Done exploring.
Done exploring.
Done exploring.
Done exploring.
(D) Dungeon
Where to? (? - help)
There is a stone staircase leading down here.
You climb downwards.
Found a stone staircase leading down.
There is a stone staircase leading up here.
There is a stone staircase leading up here.
Found an escape hatch in the floor.
There is an escape hatch in the floor here.
You open the door.
There is an open door here.
An endoplasm comes into view.
You grow a pair of large bovine horns.
Your feet morph into talons.
You now have 6/7 mp.
Unknown command.
You extend your transformation's duration.
You now have 5/7 mp.
Unknown command.
The helpless endoplasm fails to defend itself.
You hit the endoplasm. You headbutt the endoplasm.
You bite the endoplasm, but do no damage.
You barely miss the endoplasm. You punch the endoplasm.
The endoplasm misses you.
You hit the endoplasm but do no damage. Your kick misses the endoplasm.
Your headbutt misses the endoplasm. Your bite misses the endoplasm.
The endoplasm hits you.
You take 2 damage, and have 21/23 hp.
You completely miss the endoplasm. You claw the endoplasm.
Your headbutt misses the endoplasm.
You bite the endoplasm, but do no damage.
The endoplasm freezes you.
You are frozen.
You take 1 damage, and have 20/23 hp.
You hit the endoplasm.
You kill the endoplasm!
No target in view!
Your horns disappear.
Your talons disappear.
There is an open door here.
A ball python comes into view.
The ball python hisses angrily.
Health restored: 23; MP restored: 7 A ball python is nearby!
You grow a pair of large bovine horns.
Your feet morph into talons.
You now have 6/7 mp.
The ball python bites you. The ball python barely misses you.
You take 1 damage, and have 22/23 hp.
You barely miss the ball python. You headbutt the ball python.
The ball python barely misses you. The ball python closely misses you.
You hit the ball python but do no damage.
You claw the ball python.
You kill the ball python!
Health restored: 23 No target in view!
Your horns disappear.
Your talons disappear.
You see here a ball python corpse.
Found an escape hatch in the ceiling.
MP restored: 7 A bat comes into view.
Found a stone staircase leading down.
You grow a pair of large bovine horns.
Your feet morph into talons.
You now have 6/7 mp.
Unknown command.
Found a stone staircase leading up.
The helpless bat fails to defend itself.
You hit the bat.
You kill the bat!
Your Spellcasting skill increases to level 5!
You have reached level 3!
Your experience leads to an increase in your attributes!
Increase (s)trength, (i)ntelligence, or (d)exterity?
You feel clever. x2
Health restored: 28

.###.########## .#
..##..........# #.#
..###########.##...
[.# #.#.#.# ###
#..##.##.# #.........
######## #..##.##.#
..............#.#.#.#
#############.##@..#
# #.###.## # #<# >..
# #.# ###.# # #. .#
###### #. <# .....# #
####.# # #.#


There were no monsters in sight!

Vanquished Creatures
  7 ball pythons
  5 endoplasms
  A giant cockroach (D:1)
  2 hobgoblins (D:1)
  A bat (D:2)
  A frilled lizard (D:1)
  2 goblins (D:1)
  A kobold (D:1)
  2 rats (D:1)
22 creatures vanquished.

Notes
Turn   | Place    | Note
-------+----------+-------------------------------------------
     0 | D:1      | OTABOTABOTAB the Gnoll Transmuter began the quest for the
                  | Orb.
     0 | D:1      | Reached XP level 1. HP: 17/17 MP: 6/6
   180 | D:1      | Reached XP level 2. HP: 20/23 MP: 7/7
   183 | D:1      | Learned a level 2 spell: Wereblood
  1011 | D:2      | Reached skill level 5 in Spellcasting
  1011 | D:2      | Reached XP level 3. HP: 28/28 MP: 6/9
  1011 | D:2      | Quit the game

Illustrated notes

Levels and vault maps discovered:
D:1:      dpeg_arrival_arbitrary_a, layout_basic, chequers_serial_rivers_micro_a
D:2:      layout_loops_ring, ebering_ecumenical_altar_mist, basic_altar,
          kennysheep_generic_room_14, uniq_robin

Skill      XL: |  1  2 |
---------------+-------+-----
Spellcasting   | 5 |  5.0
Fighting       | |  2.5
Short Blades   | |  0.6
Long Blades    | |  0.6
Axes           | |  0.6
Maces & Flails | |  0.6
Polearms       | |  0.6
Staves         | |  0.6
Ranged Weapons | |  0.6
Throwing       | |  0.6
Armour         | |  0.6
Dodging        | |  4.5
Stealth        | |  0.6
Shields        | |  0.6
Unarmed Combat | |  6.5
Conjurations   | |  0.4
Hexes          | |  0.4
Summonings     | |  0.4
Necromancy     | |  0.4
Translocations | |  0.4
Transmutations | |  3.7
Fire Magic     | |  0.4
Ice Magic      | |  0.4
Air Magic      | |  0.4
Earth Magic    | |  0.4
Poison Magic   | |  0.4
Invocations    | |  0.8
Evocations     | |  0.6

Action                   || total
-------------------------++-------
Melee: Unarmed           ||    52
       Headbutt          ||    10
       Kick              ||     6
       Bite              ||     5
       Punch             ||     1
 Cast: Beastly Appendage ||    17
 Abil: End Transformatio ||    13
 Stab: Sleeping          ||     3
Armor: Robe              ||     6
Dodge: Dodged            ||    22

Table legend: (Time is in decaauts)
 A = Elapsed time spent in this place.
 B = Non-inter-level travel time spent in this place.
 C = Inter-level travel time spent in this place.
 D = Time resting spent in this place.
 E = Time spent auto-exploring this place.
 F = Levels seen in this place.
 G = Mean time per level.
                   A        B        C        D        E       F      G
               +--------+--------+--------+--------+--------+-----+--------+
         Total |   1004 |    986 |     18 |      0 |    823 |   2 |  502.0 |
       Dungeon |   1004 |    986 |     18 |      0 |    823 |   2 |  502.0 |
               +--------+--------+--------+--------+--------+-----+--------+

Top non-repeatable levels by time:
     D:1: 835 daAuts
     D:2: 169 daAuts

Table legend:
 A = Kills in this place as a percentage of kills in entire the game.
 B = Kills by you in this place as a percentage of kills by you in the entire game.
 C = Kills by friends in this place as a percentage of kills by friends in the entire game.
 D = Other kills in this place as a percentage of other kills in the entire game.
 E = Experience gained in this place as a percentage of experience gained in the entire game.
 F = Experience gained in this place divided by the number of levels of this place that you have seen.
                   A       B       C       D       E      F
               +-------+-------+-------+-------+-------+----------------------
         Total | 100.0 | 100.0 |   N/A |   N/A | 100.0 |  17.0
       Dungeon | 100.0 | 100.0 |   N/A |   N/A | 100.0 |  17.0
               +-------+-------+-------+-------+-------+----------------------
